 Dungeon Crawl Stone Soup version 0.27-a0-1140-g099f9bb0e8 (webtiles) character file.

Game seed: 16635599369137953228

2 EnegeticOcto the Skirmisher (level 1, -3/14 HPs)
             Began as a Gargoyle Chaos Knight on May 9, 2021.
             Was a Plaything of Xom.
             Frozen to death by an endoplasm (5 damage)
             ... on level 1 of the Dungeon.
             The game lasted 00:01:40 (73 turns).

EnegeticOcto the Skirmisher (Gargoyle Chaos Knight)   Turns: 73, Time: 00:01:41

Health: -3/14      AC:  7    Str: 15    XL:     1   Next: 40%
Magic:  1/1        EV: 11    Int: 12    God:    Xom [..*...]
Gold:   0          SH:  0    Dex:  9    Spells: 0/0 levels left

rFire    . . .     SeeInvis .   a - +0 mace (chaos)
rCold    . . .     Faith    .   (no shield)
rNeg     + . .     Spirit   .   b - +2 leather armour
rPois    ∞         Reflect  .   (no helmet)
rElec    +         Harm     .   (no cloak)
rCorr    .         Rampage  .   (no gloves)
Will     .....                  (no boots)
Stlth    ..........             (no amulet)
HPRegen  0.04/turn              (no ring)
MPRegen  0.07/turn              (no ring)

@: confused
A: sickness immunity, AC +2, negative energy resistance 1, electricity
resistance, torment resistance 1, unbreathing 1, petrification resistance
a: Renounce Religion


You were on level 1 of the Dungeon.
You worshipped Xom.
You were a toy of Xom.
You visited 1 branch of the dungeon, and saw 1 of its levels.

Inventory:

Hand Weapons
 a - a +0 mace of chaos (weapon)
Missiles
 c - 13 stones (quivered)
Armour
 b - a +2 leather armour (worn)


   Skills:
 - Level 3.2 Fighting
 + Level 3.2 Maces & Flails
 - Level 2.1 Armour
 - Level 0.7 Dodging


You couldn't memorise any spells.
You didn't know any spells.
Your spell library was empty.

Dungeon Overview and Level Annotations

Branches:
Dungeon (1/15)

Altars:


Innate Abilities, Weirdness & Mutations

You are immune to sickness and miasma.
Your stone body is resilient. (AC +2)
You are immune to poison.
You resist negative energy. (rN+)
You are resistant to electric shocks. (rElec)
You are resistant to unholy torment.
You can survive without breathing.
You are immune to petrification.


Message History

Will you be the one to retrieve the transcendent Orb of Zot from the depths?
Xom says: A new plaything!
Press ? for a list of commands and other information.
Found 13 stones and a dagger.
Found a staircase leading out of the dungeon.
Unknown command.
Unknown command.
Describe a (M)onster, (S)pell, s(K)ill, (A)bility, (C)ard, (I)tem, (F)eature, (G)od, (B)ranch, c(L)oud or s(T)atus?
Describe a spell; partial names and regexps are fine.
Describe what? leda Describe a (M)onster, (S)pell, s(K)ill, (A)bility, (C)ard, (I)tem, (F)eature, (G)od, (B)ranch, c(L)oud or s(T)atus?
Okay, then.
Unknown command.
Unknown command.
Unknown command.
Unknown command.
You see here 13 stones.
c - 13 stones
There is a staircase leading out of the dungeon here.
You see here a +0 dagger.
You see here a +0 dagger.
A giant cockroach comes into view.
The giant cockroach moves out of view.
A hobgoblin and a dart slug come into view.
The dart slug launches a dart at you. The slug dart misses you.
You hit the giant cockroach. You freeze the giant cockroach.
You kill the giant cockroach!
You sock the hobgoblin! You freeze the hobgoblin.
You kill the hobgoblin!
The dart slug launches a dart at you. The slug dart hits you.
You see here a giant cockroach corpse.
You hit the dart slug.
The dart slug flickers and vanishes!
Deactivating autopickup; reactivate with Ctrl-A.
Xom is mildly amused.
You hit something.
A shapeshifter appears out of thin air!
Reactivating autopickup.
Xom is amused.
The shapeshifter is heavily wounded.
The shapeshifter changes into a basilisk!
Press: ? - help, v - describe, . - travel
Here: a basilisk shaped shifter (moderately wounded)
The floor.
Unknown command.
Unknown command.
Unknown command.
Unknown command.
Unknown command.
The basilisk gazes at you.
You are unaffected.
The basilisk changes into a polar bear!
A quokka and an endoplasm come into view.
The endoplasm quivers.
The polar bear changes into a troll!
A goblin comes into view. It is wielding a +0 dagger.
The goblin shouts!
A golden eye comes into view.
Found a stone staircase leading down.
The golden eye blinks at you.
You are confused.
The golden eye blinks at you.
You are more confused.
The quokka bites you.
You see here a scroll labelled JOQ IBOATHRYI.
The golden eye blinks at you.
You are more confused.
The golden eye blinks at you.
You are more confused.
The quokka barely misses you.
The golden eye blinks!
You bump into the rock wall.
The quokka bites you but does no damage.
The golden eye blinks!
You bump into the rock wall.
The quokka bites you but does no damage.
The endoplasm closely misses you. The quokka bites you.
You closely miss the goblin. The golden eye blinks at you.
You are more confused.
The quokka barely misses you. The endoplasm freezes you.
You are frozen.
* * * LOW HITPOINT WARNING * * *
The goblin closely misses you.
You bump into the rock wall.
The quokka bites you.
* * * LOW HITPOINT WARNING * * *
The golden eye blinks at you.
You are more confused.
The endoplasm hits you but does no damage.
The goblin hits you but does no damage.
You bump into the rock wall.
The golden eye changes into a sky beast!
The quokka barely misses you. The goblin hits you but does no damage.
The endoplasm hits you but does no damage.
You bump into the rock wall.
The quokka bites you but does no damage.
The endoplasm freezes you.
You are frozen.
You die...
Xom chortles!

.... ###########
#..... ..........
...>.. #.........
...... #.##...#.#
.....
#..##..#.###.....
#.......Y...#
#..#....?Jg#
#........r@#
########.#.#.....#
......†..........#
.........#.#######
...##....#.######
......T...........
########..........
...P.♣ #..........
..P♣P.P#..........


You could see a sky beast shaped shifter, an endoplasm, a quokka and a goblin.

Vanquished Creatures
  A giant cockroach (D:1)
  A hobgoblin (D:1)
2 creatures vanquished.

Notes
Turn   | Place    | Note
-------+----------+-------------------------------------------
     0 | D:1      | EnegeticOcto the Gargoyle Chaos Knight began the quest for
                  | the Orb.
     0 | D:1      | Reached XP level 1. HP: 14/14 MP: 1/1
    46 | D:1      | Noticed a shapeshifter
    46 | D:1      | Noticed a basilisk
    46 | D:1      | a shapeshifter changed into a basilisk
    53 | D:1      | Noticed a polar bear
    53 | D:1      | a basilisk changed into a polar bear
    57 | D:1      | Noticed a troll
    57 | D:1      | a polar bear changed into a troll
    62 | D:1      | Noticed a golden eye
    72 | D:1      | Noticed a sky beast
    72 | D:1      | a golden eye changed into a sky beast
    73 | D:1      | Frozen to death by an endoplasm

Illustrated notes

Levels and vault maps discovered:
D:1:      minmay_arrival_arboretum_small, layout_basic,
          hellmonk_ecumenical_altar_heavens_door

Action                   || total
-------------------------++-------
Melee: Mace              ||     5
Armor: Leather armour    ||     7
Dodge: Dodged            ||     6

Table legend: (Time is in decaauts)
 A = Elapsed time spent in this place.
 B = Non-inter-level travel time spent in this place.
 C = Inter-level travel time spent in this place.
 D = Time resting spent in this place.
 E = Time spent auto-exploring this place.
 F = Levels seen in this place.
 G = Mean time per level.
                   A        B        C        D        E       F      G
               +--------+--------+--------+--------+--------+-----+--------+
         Total |     74 |     74 |      0 |      0 |     28 |   1 |   74.0 |
       Dungeon |     74 |     74 |      0 |      0 |     28 |   1 |   74.0 |
               +--------+--------+--------+--------+--------+-----+--------+

Top non-repeatable levels by time:
     D:1: 74 daAuts
